Unix NetHack Version 5.0.0-0 post-release - last build May 10 2026 23:12:36 (d1fa5d53e341ca933230fdaa984d921c805b60aa,branch:main).

Game began 2026-05-14 21:31:14, ended 2026-05-16 17:35:27.

DeathOnAStick, neutral male human Tourist

                        -.-----
                        +.....|
                        |...d.|
                        |...q..#
                        |..<@.|
                         ------

DeathOnAStick the Excursionist  St:10 Dx:16 Co:17 In:13 Wi:7 Ch:14  Neutral S:2600
Dlvl:11 $:288 HP:0(63) Pw:17(17) AC:6  Xp:6/523 T:3578  Satiated

Latest messages:
 You hit the gold golem.
 The gold golem hits!
 The gold golem hits again!
 You hit the gold golem.
 The gold golem hits!
 The gold golem hits again!
 You swap places with Fido3.
 In what direction? u
 That is a sleeping gas trap.
 The warg suddenly falls asleep!
 You hit the gold golem.
 What do you want to wield? [- an or ?*] a
 You are already wielding that!
 What do you want to drink? [M or ?*] M
 You feel better.
 The gold golem hits!
 The gold golem hits again!
 Fido3 picks up an uncursed food ration.
 The warg bites!
 You hit the gold golem.
 The gold golem hits!
 The gold golem hits again!
 The warg bites!
 What do you want to zap? [mtR or ?*] m
 In what direction? >
 You dig a hole through the floor.
 You fall through...
 You hear the wailing of the Banshee...
 Please move the cursor to a monster, object or location.
 (For instructions type a '?')
 Done.
 What do you want to use or apply? [motvxR or ?*] o
 Your candle's flame burns brightly!
 Fido3 drops an uncursed food ration.
 You swap places with Fido3.
 You see here an uncursed food ration.
 e - an uncursed food ration (4 in total).
 Please move the cursor to a monster, object or location.
 (For instructions type a '?')
 What do you want to use or apply? [motvxR or ?*] v
 In what direction? k
 The mumak is blinded by the flash!
 The mumak turns to flee.
 The mumak butts!
 You die...
 Do you want your possessions identified? [ynq] (y) y
 Do you want to see your attributes? [ynq] (y) y
 Do you want an account of creatures vanquished? [ynaq] (y) y
 Do you want to see your conduct and achievements? [ynq] (y) y
 Do you want to see the dungeon overview? [ynq] (y) y

Inventory:
 Coins    ('$')
  $ - 288 gold pieces
 Weapons  (')')
  a - 7 +0 daggers (wielded)
  n - a +0 orcish dagger
 Armor    ('[')
  Q - an uncursed +1 helm of caution (being worn)
  q - an uncursed burnt +0 studded leather armor (being worn)
 Comestibles  ('%')
  C - an uncursed randomfruit
  A - an uncursed apple
  S - an uncursed candy bar labeled "Choco Nummer"
  g - 2 uncursed cram rations
  e - 4 uncursed food rations
  j - 2 uncursed oranges
  f - an uncursed pancake
  z - an uncursed pear
 Potions  ('!')
  M - 5 uncursed potions of healing
 Rings    ('=')
  w - a cursed -2 ring of gain strength
  i - a cursed +0 ring of increase damage
  K - a cursed ring of poison resistance
  V - an uncursed ring of warning
 Wands    ('/')
  t - a wand of digging (0:5)
  m - a wand of digging (0:3)
  R - a wand of slow monster (0:7)
 Tools    ('(')
  v - an expensive camera (0:55)
  x - an uncursed lock pick
  o - an uncursed partly used wax candle (lit)
 Gems/Stones  ('*')
  D - 4 uncursed worthless pieces of yellow glass
  L - an uncursed worthless piece of yellowish brown glass
  y - an uncursed rock

DeathOnAStick the Tourist's attributes:

Background:
 You were an Excursionist, a level 6 male human Tourist.
 You were neutral, on a mission for The Lady
 who was opposed by Blind Io (lawful) and Offler (chaotic).
 You were right-handed.
 You were in the Dungeons of Doom, on level 11.
 You entered the dungeon 3578 turns ago.
 There was a new moon in effect when your adventure ended.
 You had 523 experience points, 117 more were needed to attain level 7.
 Your score was 2600 before end-of-game adjustments.

Basics:
 You had 0 out of 63 hit points.
 You had all 17 energy points (spell power).
 Your armor class was 6.
 Your wallet contained 288 zorkmids.
 Autopickup was off.

Final Characteristics:
 Your strength was 10 (limit:18/100).
 Your dexterity was 16 (limit:18).
 Your constitution was 17 (peak:18, limit:18).
 Your intelligence was 13 (limit:18).
 Your wisdom was 7 (limit:18).
 Your charisma was 14 (limit:18).

Final Status:
 You were satiated.
 You were unencumbered.
 You were wielding daggers.
 You had basic skill with dagger.

Final Attributes:
 You were piously aligned.
 You were telepathic.
 You were warned.
 You were warded.
 You are dead (2nd time!).

Miscellaneous:
 You didn't encounter any bones levels.
 Total elapsed playing time was 49 minutes and 20 seconds.

Major events:
 Turn
    1: DeathOnAStick the neutral male human Tourist entered the dungeon
  558: entered the Gnomish Mines
  569: attained the rank of Sightseer (level 3)
 2985: attained the rank of Excursionist (level 6)
 3004: averted death (killed by a dart)
 3347: entered Sokoban
 3578: killed by a mumak

You didn't know any spells.

Skills:
 Fighting Skills
   bare handed combat [Unskilled]
   two weapon combat  [Unskilled]
   riding             [Unskilled]
 Weapon Skills
   dagger             [Basic]
   knife              [Unskilled]
   axe                [Unskilled]
   pick-axe           [Unskilled]
   short sword        [Unskilled]
   broadsword         [Unskilled]
   long sword         [Unskilled]
   two-handed sword   [Unskilled]
   saber              [Unskilled]
   mace               [Unskilled]
   morning star       [Unskilled]
   flail              [Unskilled]
   hammer             [Unskilled]
   quarterstaff       [Unskilled]
   polearms           [Unskilled]
   spear              [Unskilled]
   trident            [Unskilled]
   lance              [Unskilled]
   bow                [Unskilled]
   sling              [Unskilled]
   crossbow           [Unskilled]
   dart               [Basic]
   shuriken           [Unskilled]
   boomerang          [Unskilled]
   whip               [Unskilled]
   unicorn horn       [Unskilled]
 Spellcasting Skills
   divination spells  [Unskilled]
   enchantment spells [Unskilled]
   escape spells      [Unskilled]

Voluntary challenges:
 Character rerolling was not enabled.
 You never genocided any monsters.
 You never polymorphed an object.
 You never changed form.
 You used no wishes.
 You did not violate any of the special Sokoban rules.
Achievements:
 You entered the Gnomish Mines.
 You attained the rank of Sightseer.
 You entered a shop.
 You attained the rank of Excursionist.
 You entered Sokoban.

 The Dungeons of Doom: levels 1 to 11
    Level 1:
       A fountain.
    Level 2:
       An altar.
       Stairs down to The Gnomish Mines.
    Level 3:
       A general store.
    Level 4:
       A potion shop, a fountain, a sink.
    Level 5:
    Level 6:
       A general store, a fountain.
    Level 7:
       A throne, a fountain.
    Level 8:
    Level 10:
       Stairs up to Sokoban, level 9.
    Level 11: <- You were here.
       Final resting place for
          you, killed by a mumak.
 The Gnomish Mines:
    Level 3:
 Sokoban:
    Level 9:
       Unsolved.


Vanquished creatures:
  a leprechaun
  a raven
  a bugbear
  a water nymph
  2 orc shamans
  a rock mole
  a fog cloud
  a gnome leader
  a floating eye
  a kitten
  2 dwarves
  a kobold leader
  a kobold shaman
  a giant bat
  a dwarf zombie
  3 iguanas
  2 coyotes
  2 hobbits
  a large kobold
  7 hobgoblins
  a yellow mold
  a red mold
  8 gnomes
  a gecko
  a jackal
  2 foxes
  a kobold
  3 goblins
  2 sewer rats
  3 grid bugs
  3 lichens
  a kobold zombie
  5 newts
64 creatures vanquished.

No species were genocided or became extinct.

Game over:
                       ----------
                      /          \
                     /    REST    \
                    /      IN      \
                   /     PEACE      \
                  /                  \
                  |  DeathOnAStick   |
                  |      288 Au      |
                  |   killed by a    |
                  |      mumak       |
                  |                  |
                  |                  |
                  |       2026       |
                 *|     *  *  *      | *
        _________)/\\_//(\/(/\)/\//\/|_)_______

Aloha DeathOnAStick the Tourist...

You died in The Dungeons of Doom on dungeon level 11 with 2600 points,
and 288 pieces of gold, after 3578 moves.
You were level 6 with a maximum of 63 hit points when you died.

